 Dungeon Crawl Stone Soup version 0.17.0-28-g6e173f8 (webtiles) character file.

61651 Ijustatesigmund the Destroyer (level 14, -9/118 HPs)
             Began as a Pale Draconian Fire Elementalist on Nov 24, 2015.
             Was the Champion of Vehumet.
             Mangled by a deep troll shaman (16 damage)
             ... on level 8 of the Lair of Beasts on Nov 25, 2015.
             The game lasted 02:54:37 (31299 turns).

Ijustatesigmund the Destroyer (DrFE)               Turns: 31299, Time: 02:54:37

Health: -9/118     AC: 14    Str: 11    XL:     14   Next: 61%
Magic:  14/28      EV: 20    Int: 21    God:    Vehumet [******]
Gold:   2014       SH:  9    Dex: 20    Spells: 9 memorised, 4 levels left

rFire  . . .     SeeInvis .     Q - +7 war axe of Debt {holy, Dex+9}
rCold  . . .     Clarity  .     (armour unavailable)
rNeg   + . .     SustAt   .     u - +3 buckler
rPois  +         Gourm    .     (helmet restricted)
rElec  .         Spirit   .     s - +2 cloak
rCorr  .         Warding  .     l - +2 pair of gloves
rMut   .         Stasis   .     (no boots)
MR     +....                    E - amulet "Ubleimu" {+Rage rN+}
Stlth  ++........               Y - ring of poison resistance
                                m - +4 ring of evasion

@: about to teleport, manticore barbs, very slightly contaminated, invisible,
somewhat resistant to hostile enchantments, unstealthy
A: breathe steam, unfitting armour, cold-blooded, AC +8
a: Breathe Steam, Renounce Religion, Evoke Berserk Rage


You were on level 8 of the Lair of Beasts.
You worshipped Vehumet.
Vehumet was exalted by your worship.
You were not hungry.

You visited 4 branches of the dungeon, and saw 25 of its levels.

You collected 2344 gold pieces.
You spent 330 gold pieces at shops.

Inventory:

Hand Weapons
 h - a +3 vampiric war axe
 D - a +4 scimitar of flaming
 J - the +0 hand crossbow of Yluzokluu {velocity, rF+ Int-3 SInv}
   (You found it on level 9 of the Dungeon)

   Any bolt fired from it inflicts extra damage.
   It affects your intelligence (-3).
   It protects you from fire.
   It lets you see invisible.
 Q - the +7 war axe of Debt (weapon) {holy, Dex+9}
   (You found it on level 10 of the Dungeon)

   It has been blessed by the Shining One to cause great damage to the undead
   and demons.
   It affects your dexterity (+9).
Missiles
 C - 71 tomahawks (quivered)
Armour
 l - a +2 pair of gloves (worn)
 s - a +2 cloak (worn)
 u - a +3 buckler (worn)
Jewellery
 c - a +2 ring of slaying
 m - a +4 ring of evasion (left hand)
 n - an uncursed amulet of resist corrosion
 p - an uncursed ring of protection from cold
 w - an uncursed ring of teleportation
 y - a +5 ring of intelligence
 E - the amulet "Ubleimu" (around neck) {+Rage rN+}
   (You found it on level 4 of the Orcish Mines)

   [amulet of rage]

   It protects you from negative energy.
   It lets you go berserk.
 O - an uncursed amulet of warding
 Y - a ring of poison resistance (right hand)
Wands
 f - a wand of digging (21)
 j - a wand of cold (3)
 k - a wand of lightning (6)
 r - a wand of cold (3)
 A - a wand of confusion (17)
 B - a wand of lightning (5)
 M - a wand of fire (8)
 T - a wand of enslavement (11)
 U - a wand of draining (5)
Scrolls
 g - a scroll of holy word
 t - a scroll of amnesia
 x - a scroll of recharging
 G - a scroll of summoning
 H - 4 scrolls of immolation
 I - a scroll of brand weapon
 L - 3 scrolls of magic mapping
 P - 3 scrolls of remove curse
 R - 2 scrolls of identify
 V - a scroll of torment
Potions
 a - a potion of ambrosia
 e - a potion of resistance
 o - 6 potions of curing
 v - a potion of haste
 z - 3 potions of lignification
 F - 3 potions of flight
 K - 2 potions of might
 N - a potion of magic
 W - a potion of brilliance
Books
 Z - a book of Annihilations

   Spells                             Type                      Level
   a - Poison Arrow                   Conjuration/Poison           6
   b - Chain Lightning                Conjuration/Air              8
   c - Lehudib's Crystal Spear        Conjuration/Earth            8
   d - Glaciate                       Conjuration/Ice              9
   e - Fire Storm                     Conjuration/Fire             9
Comestibles
 b - 10 bread rations
 i - 10 meat rations


   Skills:
 + Level 9.3 Fighting
   Level 3.5 Short Blades
 - Level 8.2 Axes
 - Level 1.1 Throwing
 - Level 5.4 Dodging
 - Level 2.5 Stealth
 - Level 5.3 Shields
 + Level 10.5 Spellcasting
 - Level 10.5 Conjurations
 - Level 3.3 Hexes
 - Level 9.0 Fire Magic
 - Level 9.1 Air Magic
 - Level 9.2 Poison Magic
 - Level 4.7 Evocations


You had 4 spell levels left.
You knew the following spells:

 Your Spells              Type           Power        Failure   Level  Hunger
a - Flame Tongue          Conj/Fire      #####        1%          1    None
b - Throw Flame           Conj/Fire      ######       1%          2    None
c - Conjure Flame         Conj/Fire      ######..     1%          3    None
d - Sticky Flame          Conj/Fire      ######..     1%          4    ##.....
e - Fireball              Conj/Fire      ######....   1%          5    ####...
f - Ignite Poison         Fire/Trmt/Pois #####...     1%          3    None
g - Inner Flame           Hex/Fire       #####...     1%          3    None
h - Poisonous Cloud       Conj/Pois/Air  ######....   5%          6    ######.
i - Dazzling Spray        Conj/Hex       #####...     1%          3    None


Dungeon Overview and Level Annotations

Branches:
Dungeon (12/15)            Temple (1/1) D:6            Lair (8/8) D:8
  Swamp (0/4) Lair:3        Snake (0/4) Lair:5        Slime (0/6) Lair:8
    Orc (4/4) D:12            Elf (0/3) Orc:3

Altars:
Ashenzari
Cheibriados
Dithmenos
Elyvilon
Fedhas
Gozag
Kikubaaqudgha
Makhleb
Nemelex Xobeh
Okawaru
Qazlal
Ru
Sif Muna
Vehumet
Xom
Yredelemnul
Zin
The Shining One
Beogh

Shops:
Orc:1 [   Orc:4 (}

Annotations:
D:3 Grinder; Nicoed's ghost, amateur FoFi
Lair:8 Kirke
Orc:4 exclusion: door, Saint Roka


Innate Abilities, Weirdness & Mutations

You can breathe blasts of scalding, opaque steam.
Your pale cyan-grey scales are hard (AC +8).
Your body does not fit into most forms of armour.
You are cold-blooded and may be slowed by cold attacks.


Message History

Press: ? - help, Shift-Dir - straight line, f - deep troll shaman
Aim: a deep troll shaman The sticky flame hits the deep troll shaman.
The deep troll shaman is lightly wounded.
The deep troll shaman is covered in liquid flames!
The seven-headed hydra roars!
The deep troll shaman burns!
The deep troll shaman bites you!
* * * LOW HITPOINT WARNING * * *
You block the deep troll shaman's attack.
The deep troll shaman claws you but does no damage.
Casting: Sticky Flame
Confirm with . or Enter, or press ? or * to list all spells.
Aiming: Dazzling Spray
Press: ? - help, Shift-Dir - straight line, f/p - deep troll shaman
Aim: a deep troll shaman (moderately wounded, covered in liquid flames)
The spray of energy hits the deep troll shaman.
The deep troll shaman is moderately wounded.
The catoblepas bellows!
The deep troll shaman burns!
The deep troll shaman bites you!
You die...

... ###...## #.
..8...###†.## # .
.....8.###..## .Y
#...D..###...#
...###.8..8.?###..#
.÷....8÷...[:#
#..## #.8.......[$#
#...# .
#...8.÷8T[?# ##.P.#
.. #....@[?#
#....## ..
#####$###
##.....##.. ###
#.....P.##.
#..P.........
..÷.......P†.
##.........÷.
##.......♣..
###..♣.P...
##.......


You could see a catoblepas (wandering), a seven-headed hydra (wandering) and a
deep troll shaman (burning).

Vanquished Creatures
  Gastronok (Lair:1)
  An orc warlord (Orc:4)
  A stone giant (Orc:3)
  The ghost of Statics the Carver, a journeyman MiFi of Qazlal (Lair:7)
  Snorg (Orc:1)
  8 hydras
  Erica (Lair:1)
  2 orc high priests (Orc:4)
  An unseen horror (D:11)
  3 hill giants
  Pikel (D:5)
  5 orc knights
  3 griffons
  5 orc sorcerers
  An elephant (Lair:4)
  Maurice (Orc:3)
  2 kobold demonologists
  9 spiny frogs
  13 black mambas
  A gargoyle (D:12)
  A fire drake (Lair:7)
  4 komodo dragons
  4 trolls
  A polar bear (Lair:8)
  8 blink frogs
  A boulder beetle (Lair:5)
  2 two-headed ogres
  A shadow (D:11)
  2 hogs (Lair:8)
  37 orc warriors
  A trapdoor spider (D:9)
  5 wyverns
  2 deep elf magi
  5 fire bats (Lair:8)
  3 basilisks
  3 hungry ghosts
  Eustachio (D:5)
  A wraith (D:12)
  36 yaks
  6 hippogriffs
  15 wolves
  A mottled dragon (D:12)
  5 wargs
  4 sky beasts
  17 water moccasins
  14 porcupines
  A slave (D:6)
  A phantom (D:11)
  A wasp (D:12)
  3 black bears
  2 necrophages
  8 spiders (D:9)
  2 eyes of draining
  4 ice beasts
  16 ogres
  A brain worm (D:12)
  4 centaurs
  2 big kobolds
  10 crocodiles
  17 giant frogs
  2 wyvern zombies
  2 scorpions
  3 killer bees (D:9)
  3 spriggan skeletons (D:9)
  10 wights
  2 electric eels (D:8)
  8 crimson imps
  A centaur zombie (D:12)
  5 jellies
  A giant frog zombie (D:12)
  4 hounds
  4 giant frog skeletons
  Crazy Yiuf (D:4)
  22 orc priests
  Ijyb (D:2)
  3 centaur skeletons (D:9)
  A quasit (D:9)
  4 iguanas
  19 orc wizards
  12 worker ants
  A killer bee zombie (D:11)
  A sheep (Lair:2)
  3 hound skeletons
  2 hound zombies
  2 gnolls (D:5)
  13 adders
  4 shadow imps
  79 river rats
  An adder zombie (D:5)
  3 oozes (Lair:8)
  2 worms
  6 giant geckos
  214 orcs
  5 giant cockroaches
  5 goblins
  6 hobgoblins
  8 jackals
  3 quokkas
  3 ball pythons (Lair:5)
  18 bats
  A giant gecko skeleton (D:4)
  A giant gecko zombie (D:7)
  4 giant newts
  A jackal skeleton (D:5)
  15 kobolds
  6 rats (D:1)
  5 fungi
  A plant (Lair:8)
834 creatures vanquished.

Vanquished Creatures (others)
  A black mamba (Lair:8)
  3 slaves (D:5)
  2 worker ants
  A gnoll (D:5)
  An orc (Orc:4)
  16 fungi
  16 plants
40 creatures vanquished.

Grand Total: 874 creatures vanquished

Notes
Turn   | Place    | Note
--------------------------------------------------------------
     0 | D:1      | Ijustatesigmund the Draconian Fire Elementalist began the quest for the Orb.
     0 | D:1      | Reached XP level 1. HP: 14/14 MP: 3/3
   377 | D:1      | Reached XP level 2. HP: 20/20 MP: 3/5
  1170 | D:2      | Reached XP level 3. HP: 24/26 MP: 1/6
  1365 | D:2      | Found an ancient bone altar of Kikubaaqudgha.
  1454 | D:2      | Noticed Ijyb
  1503 | D:2      | Killed Ijyb
  1503 | D:2      | Reached XP level 4. HP: 21/33 MP: 0/7
  1784 | D:2      | Reached skill level 4 in Fire Magic
  2061 | D:2      | Reached XP level 5. HP: 38/38 MP: 0/8
  2132 | D:2      | Learned a level 2 spell: Throw Flame
  2136 | D:2      | Learned a level 3 spell: Conjure Flame
  2431 | D:3      | Noticed Nicoed's ghost (amateur FoFi)
  2435 | D:3      | Noticed Grinder
  2725 | D:4      | Reached skill level 1 in Fighting
  2891 | D:4      | Noticed Crazy Yiuf
  2898 | D:4      | Killed Crazy Yiuf
  3130 | D:4      | Reached XP level 6. HP: 42/48 MP: 4/9
  3452 | D:4      | Noticed an ogre
  3460 | D:4      | Killed an ogre
  3527 | D:4      | Reached skill level 1 in Throwing
  3652 | D:5      | Entered Level 5 of the Dungeon
  3884 | D:5      | Noticed Pikel
  3991 | D:5      | Killed Pikel
  3991 | D:5      | Reached skill level 5 in Shields
  3991 | D:5      | Your scales start taking on a pale cyan-grey colour.
  3991 | D:5      | Reached XP level 7. HP: 33/55 MP: 1/11
  4099 | D:5      | Found a sparkling altar of Nemelex Xobeh.
  4204 | D:5      | Noticed Eustachio
  4214 | D:5      | Killed Eustachio
  4214 | D:5      | Reached skill level 5 in Conjurations
  4214 | D:5      | Reached skill level 5 in Fire Magic
  4214 | D:5      | Reached XP level 8. HP: 57/61 MP: 1/13
  4633 | D:5      | Learned a level 4 spell: Sticky Flame
  4863 | D:5      | Got a smoking hunting sling
  4864 | D:5      | Identified the cursed +0 hunting sling of Harmony {velocity, rF+ Dex+3 Stlth-} (You found it on level 5 of the Dungeon)
  5109 | D:5      | Reached skill level 5 in Spellcasting
  5583 | D:6      | Reached skill level 6 in Spellcasting
  5788 | D:6      | Found a staircase to the Ecumenical Temple.
  5815 | Temple   | Entered the Ecumenical Temple
  5858 | Temple   | Became a worshipper of Vehumet
  5914 | D:6      | Found an iron altar of Okawaru.
  6196 | D:6      | Reached skill level 7 in Spellcasting
  6196 | D:6      | Reached XP level 9. HP: 65/67 MP: 13/19
  6711 | D:7      | You fall through a shaft for 3 floors!
  6711 | D:10     | Entered Level 10 of the Dungeon
  6799 | D:9      | Reached * piety under Vehumet
  6799 | D:9      | Offered knowledge of Shock by Vehumet.
  6903 | D:9      | Reached skill level 8 in Spellcasting
  7151 | D:10     | Noticed a hill giant
  7297 | D:9      | Reached skill level 9 in Spellcasting
  7439 | D:9      | Got a dazzling hand crossbow
  7651 | D:9      | Identified the cursed +0 hand crossbow of Yluzokluu {velocity, rF+ Int-3 SInv} (You found it on level 9 of the Dungeon)
  7948 | D:9      | Reached skill level 10 in Spellcasting
  8244 | D:9      | Reached skill level 1 in Short Blades
  8384 | D:9      | Reached XP level 10. HP: 74/74 MP: 11/24
  8573 | D:9      | Reached ** piety under Vehumet
  8573 | D:9      | Offered knowledge of Throw Frost by Vehumet.
  9133 | D:10     | Reached skill level 5 in Fighting
  9547 | D:10     | Offered knowledge of Static Discharge by Vehumet.
  9579 | D:10     | Killed a hill giant
  9579 | D:10     | Reached skill level 5 in Dodging
  9753 | D:10     | Got an ancient war axe
  9754 | D:10     | Identified the +7 war axe of Debt {holy, Dex+9} (You found it on level 10 of the Dungeon)
  9877 | D:10     | Reached skill level 1 in Axes
  9884 | D:10     | Reached *** piety under Vehumet
 10176 | D:11     | Noticed a hill giant
 10188 | D:11     | Killed a hill giant
 10271 | D:12     | Found a sparkling altar of Nemelex Xobeh.
 10336 | D:12     | Noticed a six-headed hydra
 10345 | D:12     | Killed a six-headed hydra
 10345 | D:12     | Reached XP level 11. HP: 64/89 MP: 14/25
 10376 | D:12     | Reached skill level 5 in Axes
 10532 | D:12     | Learned a level 5 spell: Fireball
 10736 | D:12     | Offered knowledge of Ignite Poison by Vehumet.
 10741 | D:12     | Learned a level 3 spell: Ignite Poison
 10880 | D:12     | Reached skill level 1 in Poison Magic
 10887 | D:12     | Paralysed by a wasp for 3 turns
 11314 | D:12     | Reached **** piety under Vehumet
 11324 | D:12     | Offered knowledge of Force Lance by Vehumet.
 11464 | D:12     | Found a staircase to the Orcish Mines.
 11573 | D:12     | Learned a level 3 spell: Inner Flame
 11955 | Orc:1    | Entered Level 1 of the Orcish Mines
 11984 | Orc:1    | Noticed Snorg
 12575 | Orc:2    | Noticed an orc warlord
 12850 | Orc:1    | Found Biagh's Armour Emporium.
 13027 | Orc:1    | Killed Snorg
 13409 | Orc:1    | Reached ***** piety under Vehumet
 13609 | Orc:2    | Offered knowledge of Orb of Destruction by Vehumet.
 13918 | Orc:2    | Learned a level 7 spell: Orb of Destruction
 14453 | Orc:2    | Reached skill level 5 in Poison Magic
 14720 | Orc:3    | Noticed a stone giant
 14725 | Orc:3    | Noticed Maurice
 14735 | Orc:3    | Killed Maurice
 14735 | Orc:3    | Reached XP level 12. HP: 92/96 MP: 6/26
 14744 | Orc:3    | Killed a stone giant
 15045 | Orc:3    | HP: 3/96 [orc warrior/dire flail[an orc knight] (2)]
 15425 | Orc:3    | Found a staircase to the Elven Halls.
 15699 | Orc:4    | Entered Level 4 of the Orcish Mines
 16364 | Orc:3    | Offered knowledge of Irradiate by Vehumet.
 17016 | Orc:4    | Found a roughly hewn altar of Beogh.
 17030 | Orc:4    | Found Imits's Weapon Boutique.
 17515 | Orc:4    | Found Zihefaa's Gadget Shop.
 17529 | Orc:4    | Noticed an orc warlord
 17534 | Orc:4    | Bought a phantom mirror for 330 gold pieces
 17549 | Orc:4    | Killed an orc warlord
 18294 | Orc:4    | Offered knowledge of Conjure Ball Lightning by Vehumet.
 18332 | Orc:4    | Noticed Saint Roka
 18731 | Orc:4    | Got a shimmering bone amulet
 18732 | Orc:4    | Identified the amulet "Ubleimu" {+Rage rN+} (You found it on level 4 of the Orcish Mines)
 19224 | Orc:4    | Reached XP level 13. HP: 52/108 MP: 24/27
 20056 | D:11     | Killed an unseen horror
 20616 | D:11     | Noticed a hill giant
 20625 | D:11     | Killed a hill giant
 20997 | D:8      | Learned a level 3 spell: Dazzling Spray
 21132 | D:8      | Learned a level 6 spell: Poisonous Cloud
 21337 | D:8      | Found a staircase to the Lair.
 21639 | Lair:1   | Entered Level 1 of the Lair of Beasts
 21834 | Lair:1   | Reached skill level 1 in Hexes
 21854 | Lair:1   | Noticed Gastronok
 21866 | Lair:1   | Killed Gastronok
 21866 | Lair:1   | Reached skill level 1 in Air Magic
 21987 | Lair:1   | Offered knowledge of Bolt of Fire by Vehumet.
 22465 | Lair:1   | Noticed Erica
 22473 | Lair:1   | Killed Erica
 23321 | Lair:3   | Found a staircase to the Swamp.
 24603 | Lair:4   | Reached skill level 5 in Air Magic
 26398 | Lair:5   | HP: 4/108 [black mamba (10)]
 26643 | Lair:5   | Reached XP level 14. HP: 29/116 MP: 10/28
 26992 | Lair:5   | Offered knowledge of Freezing Cloud by Vehumet.
 27003 | Lair:5   | Found a staircase to the Snake Pit.
 28219 | Lair:6   | Reached skill level 10 in Conjurations
 28789 | Lair:7   | Noticed Statics's ghost (journeyman MiFi)
 28824 | Lair:7   | Killed Statics's ghost
 30582 | Lair:7   | Reached ****** piety under Vehumet
 30582 | Lair:7   | Offered knowledge of Delayed Fireball by Vehumet.
 30922 | Lair:8   | Entered Level 8 of the Lair of Beasts
 30958 | Lair:8   | Found a staircase to the Slime Pits.
 31268 | Lair:8   | Noticed Kirke
 31296 | Lair:8   | HP: 4/118 [deep troll shaman (5)]
 31299 | Lair:8   | Mangled by a deep troll shaman

Action                   |  1- 3 |  4- 6 |  7- 9 | 10-12 | 13-15 || total
-------------------------+-------+-------+-------+-------+-------++-------
Melee: Short sword       |    38 |    17 |    51 |       |       ||   106
       Quarterstaff      |       |     5 |       |       |       ||     5
       Spear             |       |       |     4 |       |       ||     4
       Flail             |       |       |    15 |     1 |       ||    16
       Rapier            |       |       |     2 |    48 |       ||    50
       War axe           |       |       |       |   398 |   633 ||  1031
       Scimitar          |       |       |       |       |    34 ||    34
Throw: Tomahawk          |     6 |    28 |    42 |    69 |    44 ||   189
 Cast: Flame Tongue      |    63 |    99 |   284 |   474 |   383 ||  1303
       Conjure Flame     |       |     2 |    11 |    18 |     1 ||    32
       Throw Flame       |       |     1 |     8 |    34 |    12 ||    55
       Fireball          |       |       |       |    17 |     1 ||    18
       Inner Flame       |       |       |       |    12 |       ||    12
       Sticky Flame      |       |       |       |    32 |    58 ||    90
       Ignite Poison     |       |       |       |     1 |    13 ||    14
       Poisonous Cloud   |       |       |       |       |    10 ||    10
       Dazzling Spray    |       |       |       |       |     1 ||     1
 Abil: Breathe Steam     |       |       |     7 |    11 |     1 ||    19
       Evoke Berserk Rag |       |       |       |       |     5 ||     5
Evoke: Wand              |       |       |       |    10 |     1 ||    11
       Phantom mirror    |       |       |       |     1 |       ||     1
  Use: Scroll            |     5 |     7 |    17 |     9 |    21 ||    59
       Potion            |       |     4 |     1 |     3 |     8 ||    16
 Stab: Sleeping          |       |     2 |       |     9 |    21 ||    32
       Distracted        |       |       |       |     2 |       ||     2
  Eat: Chunk             |     2 |     7 |    11 |    28 |    12 ||    60
       Fruit             |     1 |     1 |       |     1 |    16 ||    19
       Royal jelly       |       |     1 |       |     4 |     1 ||     6
       Beef jerky        |       |       |     1 |     3 |     3 ||     7
       Pizza             |       |       |       |     1 |     1 ||     2
       Meat ration       |       |       |       |       |     2 ||     2
       Bread ration      |       |       |       |       |     1 ||     1
